Map: Abyssal Reef LE

Players

Awers (Hades)

  • Race: Terran Terran
  • Spawn Location: 5:00

Snute - Winner!

  • Race: Zerg Zerg
  • Spawn Location: 11:00

Event: WCS Jonkoping 2017

VOD

Have the link to the VOD?

Description

Time

  • Played on: June 17, 2017, 12:17 p.m.
  • Length: 34:09

All games in this series

Show
View Real Time Build Order
Export as new Build Order

Awers Terran 

Build Orders: Reaper Expand, Mech 

Get SALT Encoding   

  12  0:00  SCV  
  13  0:12  SCV  
  14  0:17  Supply Depot  
  14  0:25  SCV  
  14  0:28  Refinery  
  15  0:39  SCV  
  16  0:44  Barracks  
  16  0:51  SCV  
  17  1:03  SCV  
  18  1:15  SCV  
  19  1:31  Orbital Command, Reaper  
  20  1:45  Command Center  
  20  1:56  Factory  
  20  2:01  SCV  
  21  2:07  Refinery  
  21  2:08  Barracks Reactor  
  21  2:13  SCV  
  22  2:19  Supply Depot  
  22  2:25  SCV  
  23  2:40  SCV  
  23  2:41  Armory  
  24  2:48  Hellion x2  
  28  2:53  SCV  
  29  2:59  Orbital Command  
  29  3:05  SCV  
  30  3:09  Hellion  
  32  3:13  Hellion  
  32  3:17  SCV  
  35  3:29  SCV  
  35  3:32  SCV, Supply Depot  
  36  3:34  Cyclone  
  39  3:41  Cyclone  
  39  3:43  SCV  
  39  3:45  SCV  
  44  3:51  Terran Vehicle Weapons Level 1  
  44  3:55  SCV  
  45  3:57  SCV  
  45  4:01  Supply Depot  
  46  4:06  Cyclone  
  46  4:07  SCV  
  50  4:12  SCV  
  50  4:15  Cyclone  
  54  4:23  Supply Depot  
  54  4:29  SCV x2  
  56  4:40  Command Center  
  56  4:41  SCV x2, Cyclone  
  61  4:48  Cyclone  
  64  4:53  SCV x2  
  64  4:57  Supply Depot  
  66  5:01  Refinery  
  66  5:02  Refinery  
  66  5:05  SCV x2  
  68  5:14  Factory  
  68  5:18  SCV  
  68  5:19  SCV  
  70  5:30  SCV, Factory  
  70  5:31  SCV  
  70  5:32  Hellion x2  
  70  5:34  Supply Depot  
  76  5:42  SCV  
  77  5:43  SCV  
  78  5:54  Factory, SCV  
  78  5:55  SCV  
  80  5:57  Terran Vehicle Weapons Level 2  
  80  5:58  Hellion x2  
  80  5:59  Factory Tech Lab  
  84  6:06  SCV  
  84  6:07  SCV  
  86  6:18  SCV, Orbital Command  
  87  6:19  Factory Tech Lab  
  87  6:20  Siege Tank, SCV  
  87  6:24  Factory  
  91  6:30  SCV  
  92  6:34  Hellion x2  
  92  6:35  Infernal Pre-Igniter  
  92  6:39  Refinery  
  96  6:41  Supply Depot  
  96  6:43  SCV  
  96  6:44  SCV  
  96  6:45  SCV  
  99  6:48  Supply Depot  
  99  6:51  Factory Reactor  
  99  6:55  SCV  
  99  6:56  SCV  
  99  6:58  Hellion  
  99  6:59  Hellion  
  101  7:02  Thor, SCV, Supply Depot  
  101  7:04  Refinery, Supply Depot  
  101  7:08  SCV  
  109  7:09  Widow Mine x3  
  109  7:10  Factory Tech Lab  
  109  7:11  SCV  
  109  7:13  Supply Depot  
  109  7:14  SCV  
  117  7:24  SCV  
  117  7:26  Supply Depot x2  
  117  7:28  Hellion x2  
  117  7:29  Thor  
  126  7:38  Siege Tank, Hellion x2  
  129  7:45  Hellion  
  129  7:49  Hellion  
  119  7:54  Hellion  
  119  7:58  SCV  
  120  8:01  Hellion x2  
  120  8:05  SCV x2, Starport  
  126  8:07  Siege Tank, Starport  
  126  8:10  Siege Tank, Command Center  
  132  8:18  Siege Tank, Hellion x2  
  139  8:24  Terran Vehicle And Ship Armor Level 1  
  139  8:26  Hellion x2  
  143  8:27  Armory  
  143  8:39  Hellion x2  
  132  8:43  Siege Tank, Hellion  
  132  8:48  Hellion  
  137  8:52  Thor  
  137  8:54  Starport Tech Lab  
  137  8:55  Starport Tech Lab  
  143  9:07  Hellion  
  145  9:11  Engineering Bay  
  145  9:14  Supply Depot x3  
  145  9:20  Supply Depot  
  133  9:33  Hellion x4, Siege Tank  
  133  9:37  Banshee  
  147  9:38  Banshee  
  150  9:51  Hellion  
  144  10:01  Siege Tank, Hellion x3  
  144  10:06  Siege Tank, Hellion  
  154  10:10  Cloaking Field  
  154  10:20  Thor  
  158  10:22  Banshee x2  
  158  10:26  Terran Vehicle Weapons Level 3  
  158  10:28  Terran Ship Weapons Level 1  
  160  10:41  SCV  
  160  10:42  Planetary Fortress  
  161  10:50  Starport  
  161  10:53  Siege Tank, Hellion x2  
  168  11:03  Widow Mine x2  
  172  11:04  Refinery  
  172  11:06  Refinery  
  172  11:09  Viking x2  
  176  11:13  SCV, Missile Turret  
  176  11:14  SCV  
  178  11:19  Hellion x2  
  182  11:28  Missile Turret  
  179  11:36  Siege Tank  
  179  11:37  Hellion  
  179  11:39  Viking  
  158  11:42  Viking  
  158  11:43  Widow Mine x2  
  158  11:44  Siege Tank  
  158  11:45  Viking  
  158  11:46  Hellion x2  
  167  11:49  SCV x2  
  167  11:52  SCV  
  170  11:58  Hellion, Missile Turret  
  172  12:09  Thor, Viking  
  172  12:11  Siege Tank, Hellion  
  172  12:14  Missile Turret  
  185  12:19  Thor  
  185  12:21  Viking  
  193  12:23  Supply Depot  
  193  12:30  Terran Vehicle And Ship Armor Level 2  
  193  12:43  Thor  
  190  12:48  Raven x2, Corvid Reactor  
  194  12:52  Sensor Tower  
  194  12:53  Command Center  
  194  12:59  Missile Turret  
  194  13:02  Missile Turret  
  194  13:03  Starport Reactor  
  194  13:09  Starport  
  194  13:11  Hellion x2  
  191  13:25  Missile Turret  
  189  13:27  Orbital Command  
  173  13:35  Siege Tank, Thor  
  173  13:36  Hellion  
  173  13:39  Viking x3  
  173  13:40  Hellion  
  165  13:43  Viking  
  165  13:44  Hellion  
  159  13:59  Thor  
  165  14:09  Viking  
  167  14:15  SCV x2  
  167  14:16  Viking x2  
  165  14:23  Supply Depot  
  165  14:31  Raven  
  165  14:38  Hellion, Thor  
  175  14:46  Raven  
  175  14:52  Thor  
  176  14:53  Hellion  
  176  15:05  SCV  
  176  15:07  Planetary Fortress, Viking  
  175  15:08  Hellion, Viking  
  175  15:09  SCV  
  175  15:10  SCV  
  183  15:18  Siege Tank, Hellion  
  188  15:21  Hellion  
  188  15:22  Hellion  
  192  15:31  Orbital Command  
  192  15:35  Hellion  
  192  15:36  Hellion x2  
  192  15:38  Refinery  
  192  15:39  Hellion, Refinery  
  185  15:43  Hellion  
  185  15:47  Hellion  
  185  15:49  SCV  
  186  15:50  Siege Tank  
  194  15:57  Siege Tank, Hellion  
  194  16:06  Supply Depot  
  194  16:09  Terran Vehicle And Ship Armor Level 3  
  194  16:12  Hellion  
  194  16:18  SCV  
  195  16:22  Hellion, SCV  
  192  16:28  Thor, SCV  
  192  16:30  SCV  
  200  16:35  Terran Ship Weapons Level 2  
  200  16:43  Missile Turret  
  198  17:08  Raven x2  
  194  17:09  Viking x2  
  194  17:11  Orbital Command  
  178  17:30  Thor  
  178  17:44  SCV  
  160  18:22  Hellion  
  160  18:23  Siege Tank  
  155  18:27  Siege Tank  
  154  18:46  Raven  
  154  18:54  Raven  
  146  19:20  Siege Tank, Hellion x2  
  146  19:23  Orbital Command  
  149  19:24  SCV  
  135  19:42  Hellion  
  135  19:44  Siege Tank, Hellion x2  
  118  19:47  SCV x2  
  118  19:52  SCV  
  121  19:59  SCV  
  122  20:12  Hellion x2  
  126  20:20  Hellion  
  125  20:21  Liberator  
  125  20:26  Raven  
  125  20:28  Raven  
  128  20:57  Hellion x3  
  134  21:08  Widow Mine x3  
  140  21:15  Raven x2  
  140  21:17  Starport Tech Lab  
  142  21:31  Liberator x2  
  125  21:57  Hellion x3  
  131  22:02  SCV  
  131  22:03  SCV  
  131  22:04  SCV  
  134  22:13  Hellion x2  
  134  22:14  SCV  
  134  22:15  SCV  
  140  22:16  SCV  
  139  22:26  Siege Tank, Hellion  
  139  22:27  Hellion  
  146  22:36  Hellion  
  146  22:37  Hellion  
  150  22:40  Refinery  
  144  22:50  Hellion x2  
  140  22:51  Hellion  
  140  23:01  Hellion x2  
  140  23:04  SCV  
  145  23:09  Refinery  
  145  23:11  Hellion  
  147  23:18  Hellion  
  146  23:25  Raven  
  145  23:44  Siege Tank, Hellion x3  
  145  23:46  SCV  
  155  23:52  Refinery  
  152  24:13  Hellion x2  
  152  24:24  Thor  
  156  24:39  Command Center  
  156  24:41  Hellion x5  
  146  24:49  Siege Tank  
  146  24:50  Hellion  
  140  25:05  SCV, Widow Mine x3  
  140  25:06  Raven  
  147  25:07  Hellion  
  147  25:08  Hellion  
  151  25:19  SCV  
  152  25:23  Raven  
  152  25:35  Hellion x3  
  156  25:43  Hellion  
  156  25:53  Orbital Command  
  154  26:02  Orbital Command  
  152  26:06  SCV  
  140  26:51  Siege Tank, Hellion x2  
  140  26:52  Hellion x2  
  151  26:57  Refinery  
  151  26:59  Refinery, Raven  
  151  27:12  Orbital Command  
  148  27:17  Siege Tank  
  148  27:18  Hellion  
  150  27:28  Hellion x3  
  150  27:29  Hellion  
  145  27:45  Hellion  
  145  27:48  SCV  
  145  27:49  SCV  
  149  27:57  Hellion  
  151  28:00  SCV  
  152  28:05  SCV  
  152  28:12  Hellion x3, SCV  
  154  28:13  Orbital Command, Raven  
  154  28:16  Orbital Command  
  153  28:28  Supply Depot  
  153  28:29  Supply Depot  
  153  28:30  Supply Depot  
  153  28:50  Raven  
  153  28:53  Recalibrated Explosives, Supply Depot  
  153  28:54  Engineering Bay  
  155  28:56  Raven  
  155  28:58  Orbital Command x2  
  155  28:59  Supply Depot  
  136  29:12  Hellion x3  
  142  29:21  Widow Mine  
  144  29:35  Sensor Tower  
  144  29:38  SCV  
  144  29:41  Raven  
  141  30:03  Siege Tank  
  141  30:04  Hellion  
  146  30:07  Hellion  
  130  30:22  Hellion x2  
  130  30:24  Hellion  
  128  30:40  Hellion x2  
  132  30:55  Raven x2  
  136  30:57  SCV  
  137  31:06  Viking  
  127  31:24  Hellion x2  
  131  31:29  Viking  
  125  31:39  Viking  
  127  31:46  Raven  
  129  31:59  Missile Turret  
  126  32:12  Hellion  
  126  32:13  Hellion  
  121  32:18  Widow Mine  
  121  32:19  Widow Mine  
  123  32:33  Viking  
  119  32:43  Raven  
  121  32:46  SCV  
  112  33:04  Orbital Command  
  106  33:07  Orbital Command  
  104  33:26  Widow Mine x2  
  99  33:27  Widow Mine  
  99  33:32  Hellion x3  
Show
View Real Time Build Order
Export as new Build Order

Snute Zerg - Winner!

Build Orders: Pool First, Swarm Host 

Get SALT Encoding   

  12  0:00  Drone  
  13  0:13  Overlord  
  13  0:17  Drone  
  14  0:31  Drone x2  
  14  0:35  Drone  
  17  0:44  Spawning Pool  
  17  0:48  Drone  
  17  1:09  Hatchery  
  16  1:11  Drone  
  16  1:14  Drone  
  16  1:17  Extractor  
  17  1:20  Drone  
  18  1:30  Queen  
  20  1:33  Zergling x2  
  21  1:40  Overlord  
  21  1:50  Drone  
  22  2:02  Drone  
  22  2:06  Queen  
  25  2:11  Drone  
  26  2:17  Metabolic Boost  
  26  2:20  Queen  
  28  2:23  Drone  
  28  2:24  Drone  
  30  2:32  Drone  
  30  2:33  Overlord  
  31  2:38  Drone x2  
  31  2:40  Drone  
  31  2:42  Drone  
  35  2:45  Drone  
  36  2:53  Drone  
  36  2:56  Overlord  
  37  3:05  Drone  
  38  3:07  Drone  
  38  3:11  Hatchery  
  38  3:13  Drone  
  38  3:14  Drone  
  38  3:15  Drone  
  38  3:16  Drone  
  38  3:17  Drone  
  43  3:20  Zergling x2  
  43  3:21  Zergling x2  
  45  3:27  Drone  
  45  3:32  Queen  
  45  3:33  Queen  
  48  3:40  Drone x2, Overlord  
  50  3:42  Drone  
  50  3:45  Drone  
  50  3:46  Overlord  
  52  3:53  Roach Warren  
  51  3:57  Drone  
  51  3:58  Drone x3  
  55  4:03  Zergling x4  
  55  4:05  Spore Crawler  
  55  4:07  Spore Crawler  
  55  4:13  Zergling x2  
  55  4:16  Extractor  
  53  4:19  Overlord  
  53  4:21  Extractor, Drone x3  
  53  4:23  Drone x3  
  58  4:29  Overlord x2  
  58  4:33  Roach  
  60  4:40  Evolution Chamber  
  60  4:43  Roach x3  
  65  4:47  Extractor  
  65  4:49  Extractor  
  65  4:51  Lair  
  63  4:53  Drone x2  
  63  4:54  Evolution Chamber, Drone x2  
  63  4:57  Drone  
  63  4:58  Drone  
  63  4:59  Drone  
  68  5:05  Zergling x4  
  68  5:06  Drone x2  
  72  5:10  Drone  
  72  5:13  Zerg Ground Armor Level 1  
  73  5:19  Drone x4  
  77  5:21  Extractor  
  77  5:23  Zerg Missile Weapons Level 1  
  77  5:26  Drone x2  
  78  5:28  Drone  
  78  5:29  Drone  
  78  5:32  Drone  
  78  5:33  Drone  
  78  5:34  Drone  
  83  5:35  Drone  
  83  5:37  Drone  
  85  5:43  Roach  
  85  5:44  Roach  
  85  5:47  Roach  
  85  5:48  Ravager x3  
  85  5:49  Overlord  
  94  5:50  Glial Reconstitution  
  94  5:53  Overlord  
  94  6:00  Infestation Pit  
  94  6:01  Overlord x2  
  93  6:08  Roach  
  93  6:09  Roach  
  93  6:10  Ravager, Overlord  
  93  6:11  Overlord  
  98  6:20  Overlord  
  98  6:25  Hatchery  
  93  6:35  Drone x3  
  93  6:36  Swarm Host x5, Drone  
  93  6:38  Swarm Host  
  115  6:47  Swarm Host x3  
  115  6:49  Swarm Host  
  115  6:53  Swarm Host  
  130  7:00  Overlord  
  130  7:10  Swarm Host x3  
  139  7:19  Zerg Missile Weapons Level 2  
  139  7:22  Zergling x10  
  144  7:23  Zergling x6  
  144  7:25  Queen x2  
  144  7:26  Extractor  
  150  7:31  Extractor  
  146  7:39  Roach x6  
  158  7:50  Roach  
  159  7:55  Overlord x2  
  159  7:56  Zerg Ground Armor Level 2  
  159  8:06  Overlord x5  
  159  8:16  Ravager  
  159  8:17  Ravager  
  159  8:18  Roach x7  
  175  8:20  Hive  
  175  8:26  Ravager x4  
  179  8:30  Ravager  
  174  8:36  Hatchery  
  156  8:41  Roach x7  
  166  8:49  Swarm Host x3  
  171  9:10  Swarm Host  
  171  9:11  Swarm Host x3  
  186  9:32  Swarm Host x4  
  186  9:35  Viper x2  
  195  9:41  Zerg Missile Weapons Level 3  
  195  9:48  Extractor  
  195  9:50  Extractor  
  189  9:53  Viper  
  189  9:57  Zergling x8  
  189  9:59  Drone x7  
  198  10:10  Pneumatized Carapace  
  198  10:11  Overseer x2  
  198  10:13  Drone x3  
  195  10:14  Drone x3  
  195  10:15  Zerg Ground Armor Level 3, Drone  
  196  10:23  Roach x2  
  200  10:41  Overseer x2  
  200  10:42  Spore Crawler  
  196  10:46  Ultralisk Cavern  
  196  10:47  Hydralisk Den  
  191  11:15  Spore Crawler  
  191  11:17  Spore Crawler  
  191  11:18  Muscular Augments  
  181  11:39  Ultralisk x2  
  179  11:47  Chitinous Plating  
  179  11:49  Ultralisk x2  
  191  11:54  Hydralisk  
  191  11:55  Hydralisk x3  
  191  11:59  Ravager  
  200  12:04  Tunneling Claws, Burrow  
  200  12:10  Overseer x2  
  198  12:47  Evolution Chamber  
  198  12:48  Evolution Chamber x2  
  198  12:50  Evolution Chamber  
  194  12:57  Baneling Nest, Drone x6  
  194  12:58  Drone  
  161  13:43  Roach x4  
  161  13:45  Drone x6  
  161  13:46  Queen, Drone x7  
  178  13:49  Viper x3  
  178  13:52  Roach x2  
  178  13:53  Hydralisk x3, Roach x2  
  178  13:54  Hydralisk  
  190  14:06  Drone  
  190  14:07  Drone x2  
  191  14:22  Roach  
  191  14:24  Roach x8  
  191  14:28  Drone x3  
  194  14:33  Zerg Melee Weapons Level 1  
  176  15:01  Hydralisk x3  
  182  15:08  Ultralisk x3  
  200  15:23  Overseer  
  200  15:24  Spire  
  196  15:33  Viper x3  
  194  15:46  Ultralisk  
  200  16:18  Hatchery  
  196  16:30  Hydralisk, Zerg Melee Weapons Level 2  
  196  16:31  Hydralisk  
  200  16:39  Greater Spire  
  194  17:28  Hydralisk x3  
  188  17:53  Zerg Flyer Armor Level 1  
  178  18:18  Viper  
  178  18:19  Viper x2  
  158  18:21  Hydralisk x9  
  158  18:22  Hydralisk x11  
  185  18:34  Ultralisk  
  183  18:35  Overlord  
  183  18:36  Overlord x3  
  181  18:43  Hydralisk x2  
  177  18:48  Zerg Melee Weapons Level 3  
  167  19:09  Ultralisk  
  187  19:10  Ultralisk x3  
  175  19:38  Hydralisk x9  
  151  19:39  Hydralisk  
  144  19:46  Swarm Host x3  
  144  19:50  Hatchery  
  152  19:53  Viper x3  
  152  19:55  Queen x2  
  165  20:00  Ultralisk  
  165  20:02  Swarm Host x2  
  165  20:03  Swarm Host  
  180  20:17  Hydralisk x2  
  180  20:18  Overlord x2  
  184  20:37  Hatchery  
  181  20:44  Hatchery  
  186  20:58  Hydralisk  
  186  21:00  Drone x13  
  188  21:07  Drone  
  182  21:17  Drone  
  183  21:32  Drone x4  
  184  21:41  Drone x4  
  182  21:49  Drone  
  182  21:59  Drone x2  
  184  22:03  Drone x2  
  186  22:25  Viper x2  
  186  22:26  Viper x2  
  186  22:28  Drone  
  186  22:29  Drone  
  200  22:47  Hydralisk x2  
  200  22:50  Drone x5  
  200  22:51  Extractor  
  200  22:52  Drone  
  200  22:53  Extractor  
  199  23:06  Drone  
  195  23:39  Drone x5  
  200  23:59  Extractor  
  185  24:50  Queen x2  
  185  24:52  Hydralisk x9  
  183  25:03  Overseer  
  183  25:07  Hatchery  
  183  25:10  Extractor, Spore Crawler  
  183  25:12  Drone x3  
  181  25:18  Queen  
  181  25:19  Queen  
  185  25:21  Overseer  
  185  25:26  Queen  
  187  25:36  Drone x5  
  192  25:44  Swarm Host  
  192  25:46  Overlord x2  
  192  26:03  Overlord  
  192  26:17  Hydralisk x4  
  186  27:33  Spore Crawler  
  186  27:35  Viper x2  
  186  27:36  Viper  
  186  27:37  Viper x2  
  194  27:42  Hatchery  
  193  27:46  Zerg Flyer Armor Level 2  
  190  28:32  Drone x6  
  190  28:33  Drone  
  197  28:40  Extractor  
  196  28:45  Extractor  
  189  29:12  Infestor x2  
  189  29:14  Drone  
  189  29:15  Drone x5  
  189  29:16  Drone  
  200  29:42  Spore Crawler  
  199  29:57  Spore Crawler  
  198  30:01  Spore Crawler  
  198  30:02  Spore Crawler  
  198  30:03  Spore Crawler x2  
  198  30:04  Spore Crawler  
  189  30:19  Hatchery  
  188  30:37  Evolution Chamber, Ultralisk x2  
  188  30:38  Evolution Chamber  
  188  30:39  Evolution Chamber  
  188  30:40  Evolution Chamber  
  188  30:41  Evolution Chamber  
  188  30:42  Evolution Chamber  
  194  31:09  Neural Parasite  
  194  31:11  Zerg Flyer Armor Level 3  
  184  31:43  Ultralisk  
  184  31:44  Ultralisk x6  
  195  32:05  Hatchery  
  169  32:21  Drone x4  
  169  32:22  Drone x2  
  164  32:23  Ultralisk x3, Drone  
  164  32:24  Drone x11  
  181  32:36  Drone  
  181  32:37  Drone x3  
  183  32:48  Hydralisk x4  
  191  32:54  Hatchery  
  190  33:22  Hydralisk x7  
  168  33:38  Drone  
  168  33:39  Drone x8  
  177  33:48  Extractor  
  168  33:51  Extractor  
Tags
 
Add a new tag
Caveats
  • Supply blocks, unpowered buildings, or Contaminate may cause inaccurate times.
  • Supply counts are checked every 10 seconds.